 Dungeon Crawl Stone Soup version 0.19-a0-1637-gfc13266 (webtiles) character file.

3304 poirepourri the Covert (level 9, 0/39 HPs)
             Began as a Spriggan Enchanter on Sept 19, 2016.
             Was a Follower of Ashenzari.
             Slain by an orc warrior
             ... wielding a +0 halberd
              (9 damage)
             ... on level 8 of the Dungeon.
             The game lasted 00:16:47 (11781 turns).

poirepourri the Covert (Spriggan Enchanter)        Turns: 11781, Time: 00:16:48

Health: 0/39       AC:  4    Str:  4    XL:     9   Next: 70%
Magic:  18/22      EV: 21    Int: 17    God:    Ashenzari [*.....]
Gold:   175        SH:  0    Dex: 19    Spells: 5 memorised, 13 levels left

rFire  . . .     SeeInvis +     h - +1 dagger (venom) (curse)
rCold  . . .     Gourm    .     b - +2 robe
rNeg   . . .     Faith    .     (shield restricted)
rPois  .         Spirit   .     (helmet restricted)
rElec  .         Dismiss  .     (no cloak)
rCorr  .         Reflect  .     (gloves unavailable)
MR     ++...     Harm     .     (boots unavailable)
Stlth  ++++++....               (no amulet)
                                (no ring)
                                p - ring of protection from magic (curse)

@: very quick
A: unfitting armour, see invisible, herbivore 3, speed 3, slow metabolism 2
a: Curse Item, Scrying, Renounce Religion


You were on level 8 of the Dungeon.
You worshipped Ashenzari.
Ashenzari was aware of your devotion.
You were very full.

You visited 2 branches of the dungeon, and saw 9 of its levels.

You collected 427 gold pieces.
You spent 252 gold pieces at shops.

Inventory:

Hand Weapons
 a - a +1 dagger of piercing
 h - a cursed +1 dagger of venom (weapon)
Missiles
 e - 4 needles of confusion
Armour
 b - a +2 robe (worn)
Jewellery
 p - a cursed ring of protection from magic (left hand)
 q - an uncursed amulet of faith
 s - an uncursed amulet of harm
Wands
 d - a wand of paralysis (12/24)
 v - a wand of flame (25/48)
 w - a wand of random effects (24/48)
Scrolls
 g - 2 scrolls of remove curse
 k - 2 scrolls of amnesia
 m - 2 scrolls of teleportation
 o - a scroll of recharging
 y - a scroll of identify
Potions
 f - 3 potions of curing
 i - a potion of flight {unknown}
 j - 2 potions of haste {unknown}
 l - 3 potions of brilliance {unknown}
 n - a potion of cure mutation {unknown}
 u - 2 potions of heal wounds
 x - a potion of lignification {unknown}
 z - a potion of invisibility
 A - a potion of ambrosia {unknown}
Books
 c - a book of Maledictions

   Spells                             Type                      Level
   a - Corona                         Hexes                        1
   b - Ensorcelled Hibernation        Hexes/Ice                    2
   c - Confuse                        Hexes                        3
   d - Tukima's Dance                 Hexes                        3
   e - Dazzling Spray                 Conjuration/Hexes            3
Comestibles
 r - 2 royal jellies
 t - a slice of pizza


   Skills:
 + Level 4.3 Short Blades
 + Level 5.5 Dodging
 + Level 13.1 Stealth
 + Level 8.9 Spellcasting
 + Level 8.7 Hexes


You had 13 spell levels left.
You knew the following spells:

 Your Spells              Type           Power        Failure   Level  Hunger
a - Corona                Hex            #####..      1%          1    None
b - Ensorcelled Hibernat  Hex/Ice        ###...       2%          2    None
c - Confuse               Hex            #####...     1%          3    None
d - Tukima's Dance        Hex            #####...     1%          3    None
e - Dazzling Spray        Conj/Hex       ###...       6%          3    None


Dungeon Overview and Level Annotations

Branches:
Dungeon (8/15)             Temple (1/1) D:5
   Lair: D:8-11

Altars:
Ashenzari
Cheibriados
Dithmenos
Elyvilon
Fedhas
Gozag
Hepliaklqana
Kikubaaqudgha
Makhleb
Nemelex Xobeh
Okawaru
Ru
Sif Muna
Trog
Uskayaw
Xom
Yredelemnul
Zin
The Shining One

Shops:
D:7 !

Annotations:
D:5 Pikel


Innate Abilities, Weirdness & Mutations

You are tiny and cannot use many weapons and most armour.
You have supernaturally acute eyesight. (SInv)
You are a herbivore.
You cover ground extremely quickly.
You need consume almost no food.


Message History

There are monsters nearby!
There are monsters nearby!
There are monsters nearby!
Casting: Ensorcelled Hibernation
Confirm with . or Enter, or press ? or * to list all spells.
Aiming: Ensorcelled Hibernation
Press: ? - help, Shift-Dir - straight line, f - orc
Aim: an orc, wielding a hand axe and wearing a chain mail (chance to defeat MR: 69%)
The orc looks drowsy...
The orc warrior closely misses you.
Casting: Ensorcelled Hibernation
Confirm with . or Enter, or press ? or * to list all spells.
Aiming: Ensorcelled Hibernation
Press: ? - help, Shift-Dir - straight line, f - orc warrior, p - orc
Aim: an orc warrior, wielding a halberd and wearing a plate armour (chance to defeat MR: 51%)
The orc warrior resists with some effort.
The orc warrior hits you from afar with a halberd!
* * * LOW HITPOINT WARNING * * *
The orc shouts!
The orc warrior hits you from afar with a halberd!
You die...

#####.......(.....
#.#######.....
##.######......
##........(....)
#........(..(.()
####...##...###(.))
. ###.....<...###
##... #.
##....oo.o#### ....
#.###....@##.##
#.###
......###.##.# #.
#..###..##.# #.
##...)...##.# #.
####........##.#
###...........##.#
.....##...........
#................
....##......[......


You could see an orc warrior, an orc priest and an orc.

Vanquished Creatures
  Sigmund (D:2)
  A hungry ghost (D:7)
  A warg (D:8)
  Duvessa (D:5)
  2 ice beasts
  3 slaves (D:5)
  A black bear (D:5)
  3 ogres
  A necrophage (D:7)
  3 centaurs
  A big kobold (D:8)
  Blork the orc (D:6)
  Dowan (D:5)
  2 scorpions
  5 killer bees
  4 wights (D:7)
  4 howler monkeys
  6 crimson imps
  A quasit (D:8)
  A wasp zombie (D:7)
  An orc priest (D:3)
  A jelly (D:5)
  7 orc wizards
  2 centaur skeletons
  A gnoll shaman (D:7)
  2 iguanas
  Terence (D:2)
  Natasha (thrice) (D:2)
  3 worker ants
  A hound skeleton (D:7)
  A mummy (D:4)
  7 gnolls
  11 adders
  3 worms
  3 dart slugs
  6 leopard geckos
  22 orcs
  10 bats
  7 giant cockroaches
  8 goblins
  10 hobgoblins
  6 jackals
  8 kobolds
  7 quokkas
  4 ball pythons
  6 frilled lizards
  A leopard gecko skeleton (D:5)
  10 rats
195 creatures vanquished.

Notes
Turn   | Place    | Note
-------+----------+-------------------------------------------
     0 | D:1      | poirepourri the Spriggan Enchanter began the quest for the Orb.
     0 | D:1      | Reached XP level 1. HP: 9/9 MP: 5/5
   211 | D:1      | Reached skill level 5 in Stealth
   293 | D:1      | Reached XP level 2. HP: 11/13 MP: 4/6
   300 | D:1      | Learned a level 2 spell: Ensorcelled Hibernation
  1353 | D:2      | Reached XP level 3. HP: 16/16 MP: 5/8
  1487 | D:2      | Noticed Sigmund
  1497 | D:2      | Killed Sigmund
  1497 | D:2      | Reached skill level 6 in Stealth
  1497 | D:2      | Reached XP level 4. HP: 9/21 MP: 4/10
  1497 | D:2      | Reached XP level 5. HP: 10/24 MP: 4/11
  1770 | D:2      | Noticed Natasha
  1776 | D:2      | Killed Natasha
  1776 | D:2      | Reached skill level 7 in Stealth
  2076 | D:2      | Noticed Terence
  2082 | D:2      | Killed Terence
  2189 | D:2      | Noticed Natasha
  2196 | D:2      | Killed Natasha
  2196 | D:2      | Reached skill level 5 in Hexes
  2196 | D:2      | Reached XP level 6. HP: 28/28 MP: 10/13
  2201 | D:2      | Learned a level 3 spell: Confuse
  2205 | D:2      | Learned a level 3 spell: Tukima's Dance
  2209 | D:2      | Learned a level 3 spell: Dazzling Spray
  4320 | D:2      | Noticed Natasha
  4332 | D:2      | Killed Natasha
  4332 | D:2      | Reached skill level 8 in Stealth
  5234 | D:4      | Reached XP level 7. HP: 26/32 MP: 8/15
  5688 | D:4      | Reached skill level 5 in Spellcasting
  6119 | D:5      | Entered Level 5 of the Dungeon
  6134 | D:5      | Reached skill level 9 in Stealth
  6153 | D:5      | Noticed Dowan
  6154 | D:5      | Noticed Duvessa
  6156 | D:5      | Found a staircase to the Ecumenical Temple.
  6159 | D:5      | Killed Duvessa
  6179 | D:5      | Killed Dowan
  6295 | Temple   | Entered the Ecumenical Temple
  6342 | Temple   | Became a worshipper of Ashenzari the Shackled
  6513 | D:5      | Noticed Pikel
  7332 | D:5      | Reached XP level 8. HP: 32/36 MP: 12/17
  8000 | D:5      | Reached skill level 10 in Stealth
  8650 | D:6      | Found a shadowy altar of Dithmenos.
  9052 | D:6      | Noticed Blork the orc
  9059 | D:6      | Killed Blork the orc
  9059 | D:6      | Reached skill level 11 in Stealth
  9138 | D:6      | Reached * piety under Ashenzari
  9842 | D:7      | Reached XP level 9. HP: 39/39 MP: 14/21
  9866 | D:7      | Reached skill level 12 in Stealth
  9874 | D:7      | Found a sacrificial altar of Ru.
 10480 | D:7      | Found Bepo Hui's Distillery.
 10488 | D:7      | Bought a potion of heal wounds for 70 gold pieces
 10488 | D:7      | Bought a potion of heal wounds for 70 gold pieces
 10488 | D:7      | Bought a potion of invisibility for 112 gold pieces
 10910 | D:8      | Reached skill level 5 in Dodging
 11194 | D:8      | Reached skill level 13 in Stealth
 11781 | D:8      | Slain by an orc warrior

Vault maps used:
D:1:      minmay_arrival_widening_spiral_wide, minmay_tall_x
D:2:      uniq_terence, uniq_natasha, uniq_sigmund
D:3:      first_bread, interstate_on_off, minmay_misc_feat_tiny,
          serial_bayou_pond_d
D:4:      gup_ossuary_entry_pyramid, kennysheep_small_circle
D:5:      black_bear_nest_1, uniq_duvessa, uniq_pikel
D:6:      nicolae_dithmenos_through_a_glass_darkly, uniq_blork_the_orc
D:7:      nicolae_ru_sacrificial_ziggurat, serial_shops, shop
D:8:      lemuel_castle_with_subvaults, vehumet_altar_wand_db,
          david_lair_shrubbed, uniq_prince_ribbit1
Temple:   minmay_crystal_spiral_temple

Skill      XL: |  1  2  3  4  5  6  7  8  9 |
---------------+----------------------------+-----
Stealth        | 5 6 7 8 9 11 13 | 13.1
Hexes          | 4 5 6 7 8 |  8.7
Spellcasting   | 3 4 5 7 8 |  8.9
Short Blades   | 2 3 4 |  4.3
Dodging        | 4 5 |  5.5

Action                   |  1- 3 |  4- 6 |  7- 9 || total
-------------------------+-------+-------+-------++-------
Melee: Dagger            |    77 |   120 |   190 ||   387
 Cast: Corona            |    14 |     5 |       ||    19
       Ensorcelled Hiber |     9 |    73 |   122 ||   204
       Confuse           |       |       |    30 ||    30
Invok: Curse Item        |       |       |     2 ||     2
  Use: Scroll            |     1 |     8 |     6 ||    15
       Potion            |       |       |     2 ||     2
 Stab: Sleeping          |    12 |    52 |    77 ||   141
       Confused          |       |       |    14 ||    14
  Eat: Bread ration      |       |     1 |     3 ||     4
Armor: Robe              |    12 |    21 |    18 ||    51
Dodge: Dodged            |    75 |   117 |   223 ||   415
